 Dungeon Sprint DCSS version 0.29-a0-284-gf9362112df (webtiles) character file.

Game seed: 5944021721752380754

4300000 horus123 the Conqueror (level 21, -122/204 HPs)
             Began as a Demonspawn Gladiator on Mar 17, 2022.
             Was the Champion of Makhleb.
             Annihilated by a destroyer
             ... wielding a +9 vorpal great sword
              (211 damage)
             ... in the Dungeon (Sprint VIII: "Arena of Blood").
             The game lasted 00:05:16 (43 turns).

horus123 the Conqueror (Demonspawn Gladiator)         Turns: 43, Time: 00:05:17

Health: -122/204   AC:  8    Str: 20    XL:     21   Next: 33%
Magic:  19/52      EV: 31    Int: 17    God:    Makhleb [******]
Gold:   0          SH:  0    Dex: 19    Spells: 74/74 levels left

rFire   . . .      SeeInvis .   l - +∞ Axe of Woe
rCold   . . .      Faith    .   (shield currently unavailable)
rNeg    . . .      Spirit   .   b - +0 leather armour
rPois   .          Reflect  .   c - +0 helmet
rElec   .          Harm     .   (no cloak)
rCorr   .          Rampage  .   (gloves unavailable)
Will    +....      NoTele   +   (no boots)
Stlth   ++++++++++              (no amulet)
HPRegen 10.44/turn              m - +30 ring of slaying
MPRegen 0.33/turn               (no ring)

@: no status effects
A: claws 3, powered by death 2, big brain 3, demonic magic 2, corrupting
presence 1
a: Renounce Religion, Minor Destruction, Lesser Servant of Makhleb, Major
Destruction, Greater Servant of Makhleb


You were in the Dungeon.
You worshipped Makhleb.
Makhleb was exalted by your worship.
You visited 1 branch

Inventory:

Hand Weapons
 a - a +0 war axe
 l - the +∞ Axe of Woe (weapon)
   (You found it in the Dungeon)
Missiles
 d - 3 throwing nets (quivered)
 e - a javelin
Armour
 b - a +0 leather armour (worn)
 c - a +0 helmet (worn)
Jewellery
 g - a +30 ring of slaying
 m - a +30 ring of slaying (left claw)
 n - a +100 ring of slaying
Scrolls
 k - a scroll of blinking
Potions
 f - a potion of curing
 h - a potion of haste
 i - 2 potions of magic
 j - a potion of berserk rage


   Skills:
 O Level 27 Fighting
 O Level 27 Axes
 O Level 27 Maces & Flails
 + Level 8.1(19.5) Polearms
 O Level 27 Throwing
 O Level 27 Armour
 O Level 27 Dodging
 O Level 27 Stealth
 O Level 27 Spellcasting
 O Level 27 Invocations


You had 74 spell levels left.
You didn't know any spells.
Your spell library was empty.

Dungeon Overview and Level Annotations

Branches:
Dungeon (1/1)

Altars:
Makhleb


Innate Abilities, Weirdness & Mutations

You have claws for hands.
You regenerate health from kills.
You have an absolutely massive brain. (Int +6, Wiz)
Spells you cast may paralyse nearby enemies.
Your presence sometimes corrodes those you injure.


Message History

Your Executioner gestures.
Your Executioner seems to speed up.
The destroyer is engulfed in blazing flames.
The bag of meat moves out of view.
The sculptor of flesh moves out of view.
The meat berserker shouts!
You hear a shout!
Items here: )))))) ====== ††††.
n - a +100 ring of slaying The destroyer shouts!
You hear a shout!
Your Executioner is engulfed in blazing flames.
Your Executioner barely misses the bag of meat.
Your Executioner hits the bag of meat. x2
Your Executioner is engulfed in blazing flames.
Your Executioner closely misses the bag of meat.
Your Executioner barely misses the bag of meat.
Your Executioner hits the bag of meat!
You hear a shout! x3
A meat berserker comes into view. It is wielding a +9 battleaxe.
You hear a shout!
The destroyer casts a spell at you.
The destroyer blinks!
The destroyer gestures at you while chanting.
The destroyer blinks!
You hear a shout!
A bag of meat comes into view. It is wielding a +9 war axe.
The meat berserker is engulfed in blazing flames.
The meat berserker hits you with a +9 battleaxe!!!
The bag of meat is engulfed in blazing flames.
The bag of meat hits you with a +9 war axe!!
The bag of meat is engulfed in blazing flames.
The bag of meat hits you with a +9 war axe!
The bag of meat is engulfed in blazing flames.
Your Executioner is engulfed in blazing flames.
Your Executioner hits the bag of meat! Your Executioner hits the bag of meat.
Your Executioner closely misses the bag of meat.
You hear a shout! x2
The destroyer is engulfed in blazing flames.
The destroyer hits you with a +9 vorpal great sword!!!!!
Ouch! That really hurt!
You die...

#... #... ..#
§...###... ..###.
V.o.......###......
..#oo......_......
#....VO.#.....#
......Vo#_)<._#
#....o..#)O...#.
..#.oooOoV._......
..o.ozo@o§###......
oVO.z###Vo1§.§O###.
.... #)☼o....# .O
#§☼§....#
..........
...O.......
............
............#
o..#........#.


You could see 6 destroyers, 2 sculptors of flesh, 6 meat berserkers, 16 bags of
meat and a friendly Executioner (summoned, fast).

Vanquished Creatures
  4 vampire knights (D)
  13 ogres (D)
  5 two-headed ogres (D)
  19 orcs (D)
41 creatures vanquished.

Notes
Turn   | Place    | Note
-------+----------+-------------------------------------------
     0 | D        | Found the +∞ Axe of Woe
     0 | D        | horus123 the Demonspawn Gladiator began the quest for the
                  | Orb.
     0 | D        | Reached XP level 1. HP: 16/16 MP: 1/1
     1 | D        | Noticed a bag of meat
     2 | D        | Noticed a bag of meat
     4 | D        | Became a worshipper of Makhleb the Destroyer
     6 | D        | Killed a bag of meat
     6 | D        | Noticed a bag of meat
     7 | D        | Reached skill level 15 in Axes
     7 | D        | Reached skill level 15 in Dodging
     7 | D        | Gained mutation: You have sharp fingernails. [demonic
                  | ancestry]
     7 | D        | Reached XP level 2. HP: 34/34 MP: 2/2
     7 | D        | Gained mutation: Spells you cast may paralyse adjacent
                  | enemies. [demonic ancestry]
     7 | D        | Reached XP level 3. HP: 39/39 MP: 3/3
     7 | D        | Reached XP level 4. HP: 46/46 MP: 4/4
     7 | D        | Gained mutation: You have very sharp fingernails. [demonic
                  | ancestry]
     7 | D        | Reached XP level 5. HP: 52/52 MP: 5/5
     7 | D        | Reached XP level 6. HP: 58/58 MP: 6/6
     7 | D        | Gained mutation: You have an unusually large brain. (Int
                  | +2) [demonic ancestry]
     7 | D        | Reached XP level 7. HP: 64/64 MP: 7/7
     7 | D        | Reached XP level 8. HP: 71/71 MP: 8/8
     7 | D        | Reached XP level 9. HP: 76/76 MP: 9/9
     7 | D        | Reached XP level 10. HP: 83/83 MP: 10/10
    10 | D        | Noticed a meat berserker
    11 | D        | Killed a bag of meat
    11 | D        | Reached * piety under Makhleb
    12 | D        | Gained mutation: You have an extremely huge brain. (Int +4)
                  | [demonic ancestry]
    12 | D        | Reached XP level 11. HP: 107/107 MP: 11/11
    13 | D        | Noticed a bag of meat
    15 | D        | Killed a meat berserker
    16 | D        | Gained mutation: You have an absolutely massive brain. (Int
                  | +6, Wiz) [demonic ancestry]
    16 | D        | Reached XP level 12. HP: 130/130 MP: 12/12
    16 | D        | Gained mutation: Spells you cast may paralyse nearby
                  | enemies. [demonic ancestry]
    16 | D        | Reached XP level 13. HP: 137/137 MP: 13/13
    19 | D        | Killed a bag of meat
    20 | D        | Noticed a destroyer
    20 | D        | Noticed a large bag of meat
    21 | D        | Noticed a meat berserker
    21 | D        | Noticed a bag of meat
    21 | D        | Noticed a bag of meat
    21 | D        | Noticed a destroyer
    21 | D        | Noticed a bag of meat
    22 | D        | Noticed a meat berserker
    23 | D        | Killed a meat berserker
    23 | D        | Reached ** piety under Makhleb
    23 | D        | Killed a destroyer
    23 | D        | Killed a large bag of meat
    23 | D        | Noticed a meat berserker
    23 | D        | Noticed a destroyer
    23 | D        | Noticed a meat berserker
    24 | D        | Reached skill level 27 in Fighting
    24 | D        | Gained mutation: You regenerate a little health from kills.
                  | [demonic ancestry]
    24 | D        | Reached XP level 14. HP: 61/153 MP: 14/14
    24 | D        | Reached XP level 15. HP: 63/159 MP: 15/15
    25 | D        | Killed a destroyer
    25 | D        | Reached *** piety under Makhleb
    25 | D        | Noticed a destroyer
    25 | D        | Noticed a meat berserker
    26 | D        | Reached skill level 27 in Armour
    26 | D        | Noticed a large bag of meat
    26 | D        | Noticed a large bag of meat
    26 | D        | Noticed a meat berserker
    27 | D        | Noticed a meat berserker
    27 | D        | Killed a meat berserker
    27 | D        | Noticed a meat berserker
    27 | D        | Noticed a meat berserker
    27 | D        | Noticed a meat berserker
    28 | D        | Reached XP level 16. HP: 41/167 MP: 16/16
    28 | D        | Killed a meat berserker
    28 | D        | Reached **** piety under Makhleb
    28 | D        | Killed a meat berserker
    29 | D        | Noticed a large bag of meat
    29 | D        | Noticed a large bag of meat
    30 | D        | Killed a destroyer
    30 | D        | Killed a meat berserker
    30 | D        | Reached ***** piety under Makhleb
    31 | D        | Reached skill level 27 in Invocations
    31 | D        | Gained mutation: You have claws for hands. [demonic
                  | ancestry]
    31 | D        | Reached XP level 17. HP: 174/174 MP: 16/40
    32 | D        | Killed a large bag of meat
    32 | D        | Killed a meat berserker
    33 | D        | Reached skill level 27 in Dodging
    33 | D        | Reached XP level 18. HP: 136/182 MP: 16/41
    33 | D        | Reached ****** piety under Makhleb
    33 | D        | Killed a meat berserker
    33 | D        | Killed a meat berserker
    33 | D        | Noticed a destroyer
    33 | D        | Noticed a sculptor of flesh
    34 | D        | Reached skill level 27 in Axes
    34 | D        | Reached XP level 19. HP: 183/189 MP: 17/49
    34 | D        | Noticed a meat berserker
    34 | D        | Noticed a meat berserker
    35 | D        | Reached skill level 27 in Spellcasting
    35 | D        | Noticed a destroyer
    36 | D        | Killed a meat berserker
    36 | D        | Killed a meat berserker
    36 | D        | Noticed a meat berserker
    37 | D        | Noticed a destroyer
    38 | D        | Killed a large bag of meat
    38 | D        | Killed a large bag of meat
    38 | D        | Killed a large bag of meat
    39 | D        | Reached skill level 27 in Stealth
    39 | D        | Gained mutation: You regenerate health from kills. [demonic
                  | ancestry]
    39 | D        | Reached XP level 20. HP: 83/197 MP: 18/51
    39 | D        | Killed a destroyer
    39 | D        | Killed a meat berserker
    39 | D        | Noticed a meat berserker
    40 | D        | Reached skill level 27 in Throwing
    40 | D        | Noticed a meat berserker
    41 | D        | Killed a meat berserker
    42 | D        | Reached skill level 27 in Maces & Flails
    42 | D        | Gained mutation: Your presence sometimes corrodes those you
                  | injure. [demonic ancestry]
    42 | D        | Reached XP level 21. HP: 190/204 MP: 19/52
    42 | D        | Noticed a destroyer
    42 | D        | Noticed a destroyer
    43 | D        | Annihilated by a destroyer

Illustrated notes

Levels and vault maps discovered:
D:        meatsprint

Skill      XL: |  1  2  3  4  5  6  7  8  9 10 11 12 13 14 15 16 17 18 19 20 |
---------------+-------------------------------------------------------------+-----
Fighting       | 9 17 24 27 | 27.0
Axes           | 15 23 26 27 | 27.0
Throwing       | 8 25 27 | 27.0
Dodging        | 15 20 27 | 27.0
Armour         | 24 27 | 27.0
Spellcasting   | 19 26 27 | 27.0
Invocations    | 27 | 27.0
Stealth        | 27 | 27.0
Maces & Flails | 27 | 27.0
Polearms       | 8 |  8.1

Action                   |  1- 3 |  4- 6 |  7- 9 | 10-12 | 13-15 | 16-18 | 19-21 || total
-------------------------+-------+-------+-------+-------+-------+-------+-------++-------
Melee: Executioner's axe |     1 |       |       |     2 |     4 |     4 |     5 ||    16
Invok: Greater Servant o |       |       |       |       |       |       |     1 ||     1
  Use: Potion            |       |       |       |       |     1 |       |       ||     1
Dodge: Dodged            |       |       |       |       |     1 |     1 |     4 ||     6

Table legend: (Time is in decaauts)
 A = Elapsed time spent in this place.
 B = Non-inter-level travel time spent in this place.
 C = Inter-level travel time spent in this place.
 D = Time resting spent in this place.
 E = Time spent auto-exploring this place.
 F = Levels seen in this place.
 G = Mean time per level.
                   A        B        C        D        E       F      G
               +--------+--------+--------+--------+--------+-----+--------+
         Total |     40 |     40 |      0 |      0 |      0 |   1 |   40.0 |
       Dungeon |     40 |     40 |      0 |      0 |      0 |   1 |   40.0 |
               +--------+--------+--------+--------+--------+-----+--------+

Top non-repeatable levels by time:
       D: 40 daAuts
